AoeStats
← paulgabduggan

Arabia

504271601Analyzed
1v1 RM · 27d ago on Sep 4, 2026· 45m 10s· 2 players
Game mode
Random Map
Map size
Tiny (2 player)
Population
200
Speed
Normal
Resources
Standard
Victory
Conquest
Starting age
Dark Age
Ending age
Imperial Age
RankedLock teamsTeams togetherTeam positionsShared explorationLock speedFull tech treeHidden civsTurbo modeCheats
Victory
Defeat
🇺🇸 Malians · United States
1507
+18
🇩🇰 Magyars · Denmark
1556
-18
VES Valdy
9:02 Feudal Age
7:19 Loom
9:05 Feudal Age
9:57 Double-Bit Axe
20:46 Castle Age
19:27 Fletching
20:37 Padded Archer Armor
21:43 Bodkin Arrow
24:20 Leather Archer Armor
26:03 Bloodlines
27:41 Wheelbarrow
27:33 Bow Saw
27:50 Husbandry
30:41 Ballistics
30:41 Thumb Ring
43:28 Murder Holes
paulgabduggan
6:54 Loom
9:24 Feudal Age
9:50 Double-Bit Axe
10:12 Man-at-Arms
20:13 Castle Age
19:10 Fletching
19:32 Gold Mining
20:52 Crossbowman
21:32 Bodkin Arrow
27:42 Wheelbarrow
26:55 Town Watch
28:14 Scale Barding Armor
29:31 Ballistics
29:13 Padded Archer Armor
39:37 Scale Mail Armor
42:28 Imperial Age
40:25 Bloodlines
41:19 Chain Barding Armor
Connection lost

Rejoining the realm…

Still unreachable

The connection could not be restored.

Session expired

The server has moved on; the page needs a fresh start.